Map: 백워터 - 래더

Players

Cure

  • Race: Terran Terran
  • Spawn Location: 5:00

Hurricane - Winner!

  • Race: Protoss Protoss
  • Spawn Location: 11:00

Event: IEM Season 12 - Katowice

VOD

Have the link to the VOD?

Description

Time

  • Played on: Feb. 27, 2018, 9:30 a.m.
  • Length: 15:24

All games in this series

Show
View Real Time Build Order
Export as new Build Order

Cure Terran 

Build Orders: Gas First Reaper Expand, Reaper Expand 

Get SALT Encoding   

  12  0:00  SCV  
  13  0:12  SCV  
  14  0:17  Supply Depot  
  14  0:24  SCV  
  15  0:29  Refinery  
  15  0:38  SCV  
  16  0:44  Barracks  
  16  0:50  SCV  
  17  1:02  SCV  
  18  1:14  SCV  
  19  1:31  Orbital Command  
  19  1:32  Reaper  
  20  1:43  Command Center  
  20  1:54  Factory  
  20  1:58  SCV  
  21  2:05  Refinery  
  21  2:07  Barracks Reactor  
  21  2:10  SCV  
  22  2:16  Supply Depot  
  22  2:23  SCV  
  23  2:38  SCV  
  23  2:40  Starport  
  23  2:41  Hellion  
  23  2:44  Marine x2  
  27  2:50  SCV  
  29  2:58  Orbital Command  
  29  3:06  SCV  
  29  3:08  Marine x2  
  29  3:12  Widow Mine  
  34  3:18  Viking  
  36  3:21  SCV  
  36  3:24  SCV  
  38  3:30  Marine x2  
  40  3:34  SCV  
  40  3:36  SCV  
  40  3:37  Widow Mine  
  43  3:44  Supply Depot  
  43  3:46  SCV  
  43  3:48  SCV  
  45  3:54  Supply Depot  
  45  3:58  SCV  
  45  4:02  Factory Tech Lab  
  46  4:05  SCV, Marine x2  
  46  4:06  Medivac  
  46  4:07  Supply Depot  
  51  4:11  SCV  
  52  4:17  SCV  
  52  4:18  Supply Depot  
  52  4:21  Siege Tank  
  52  4:23  Marine x2  
  58  4:27  SCV  
  58  4:29  SCV  
  60  4:32  Bunker  
  58  4:40  Marine x2, Liberator  
  58  4:45  SCV x2  
  62  4:55  Siege Tank, Command Center  
  68  5:03  Supply Depot, SCV  
  68  5:04  SCV  
  70  5:07  Marine x2  
  70  5:12  Supply Depot  
  72  5:17  SCV x2  
  74  5:24  Engineering Bay  
  74  5:29  SCV  
  74  5:30  SCV  
  74  5:31  Barracks  
  74  5:33  Barracks  
  76  5:37  Marine x2  
  76  5:38  Engineering Bay  
  76  5:40  Siege Tank  
  81  5:43  SCV x2  
  83  5:55  SCV x2  
  83  5:56  Refinery x2  
  84  5:57  Terran Infantry Weapons Level 1  
  84  6:01  Marine x2  
  82  6:08  SCV x2  
  71  6:13  Siege Tank  
  71  6:14  Starport Reactor  
  70  6:19  Orbital Command  
  70  6:20  SCV x2  
  70  6:23  Marine, Barracks Tech Lab x2  
  70  6:24  Marine  
  70  6:34  Barracks  
  70  6:35  Barracks  
  70  6:37  Missile Turret  
  70  6:38  Missile Turret  
  67  6:40  SCV x2  
  67  6:43  Missile Turret  
  67  6:46  Marine x3  
  68  6:47  Marine  
  68  6:52  SCV x2  
  64  6:57  SCV  
  64  7:01  Terran Infantry Armor Level 1  
  64  7:04  SCV x2  
  64  7:06  Marine x4  
  70  7:12  SCV  
  63  7:16  SCV, Siege Tank, Medivac x2  
  71  7:25  SCV x2  
  71  7:28  SCV, Marine x2  
  77  7:30  Liberator  
  77  7:31  Marine x2, Combat Shields  
  77  7:34  Barracks Reactor  
  78  7:37  Liberator  
  78  7:38  SCV x2  
  78  7:40  SCV  
  78  7:42  Armory  
  78  7:43  Refinery  
  81  7:44  Supply Depot, Refinery  
  81  7:50  SCV x2  
  86  7:52  SCV  
  90  8:02  SCV x2  
  90  8:04  SCV  
  90  8:05  Missile Turret  
  93  8:08  Marine x2, Marauder x3  
  93  8:09  Factory Reactor  
  100  8:15  Marine x2  
  100  8:17  SCV x3  
  100  8:18  Supply Depot  
  100  8:19  Supply Depot  
  105  8:21  Missile Turret  
  105  8:30  Factory Tech Lab, Liberator  
  105  8:32  Starport  
  105  8:33  Fusion Core, Terran Infantry Weapons Level 2  
  105  8:41  Missile Turret, Marauder x2  
  108  8:42  Supply Depot, Marauder  
  108  8:45  Marine x4  
  117  8:53  SCV x3  
  119  8:59  Stimpack  
  119  9:00  Liberator  
  114  9:09  Marine x4, Marauder x2  
  101  9:12  Liberator  
  101  9:15  SCV x3  
  99  9:27  SCV x3, Liberator  
  99  9:31  Marauder  
  107  9:34  Advanced Ballistics  
  107  9:38  Marine x4, Marauder  
  113  9:40  SCV x2  
  113  9:41  SCV  
  119  9:46  Liberator  
  119  9:50  Barracks Tech Lab, Concussive Shells  
  119  9:52  Factory Reactor, Marauder  
  121  9:55  Liberator  
  121  10:00  Marine x2  
  121  10:01  Marine x2, Marauder  
  130  10:09  Command Center  
  133  10:18  Missile Turret  
  133  10:19  Marauder x2  
  133  10:20  Missile Turret, Marine x4  
  141  10:27  Supply Depot x2, Terran Infantry Armor Level 2  
  141  10:33  Marauder  
  136  10:39  Marine x2  
  136  10:41  Marauder x2  
  116  10:47  SCV  
  116  10:48  SCV  
  104  10:54  SCV  
  104  10:55  Marauder  
  92  11:03  SCV x2  
  81  11:10  SCV  
  77  11:15  SCV x2  
  79  11:21  Orbital Command  
  79  11:22  SCV  
  79  11:25  Medivac  
  82  11:29  Medivac  
  82  11:31  Marine  
  85  11:38  SCV x2  
  78  11:43  SCV, Liberator  
  78  11:44  Liberator  
  79  11:50  SCV x3  
  80  11:55  SCV  
  80  11:56  Medivac x2  
  88  12:02  SCV x2  
  88  12:04  SCV  
  88  12:07  SCV  
  95  12:14  SCV x2, Marauder x2  
  101  12:16  SCV  
  101  12:17  Marine, Marauder  
  101  12:18  Marine  
  101  12:19  SCV, Marine  
  101  12:21  Marine  
  109  12:28  SCV x3  
  112  12:31  SCV  
  112  12:35  Marine  
  117  12:41  SCV x3  
  117  12:43  SCV  
  123  12:44  Marauder  
  123  12:46  Marauder  
  127  12:56  Marauder  
  129  13:02  Medivac x2  
  129  13:04  Barracks  
  133  13:07  Barracks  
  127  13:16  Starport  
  127  13:17  Factory Reactor, Marauder x3  
  127  13:19  Marine x2  
  122  13:30  Liberator  
  122  13:31  Marine x2, Liberator  
  124  13:38  Marauder  
  124  13:39  Barracks, Marauder  
  124  13:41  Barracks  
  128  13:42  Liberator x2  
  128  13:44  Missile Turret  
  131  13:54  Barracks Tech Lab  
  134  14:02  Marauder  
  142  14:09  Supply Depot  
  142  14:11  Supply Depot  
  142  14:12  Marauder  
  142  14:14  Marine x2  
  142  14:16  Marauder  
  147  14:37  Viking x2  
  145  14:42  Viking x2  
  142  14:54  Marine x2, Marauder x2  
  142  14:55  Marauder x2  
  149  15:02  Ghost Academy  
Show
View Real Time Build Order
Export as new Build Order

Hurricane Protoss - Winner!

Build Orders: 1 Gate Expand, Oracle Opening, Phoenix Opening 

Get SALT Encoding   

  12  0:00  Probe  
  13  0:12  Probe  
  14  0:17  Pylon  
  14  0:24  Probe (Chrono Boost)  
  15  0:35  Gateway  
  15  0:37  Probe (Chrono Boost)  
  16  0:44  Probe (Chrono Boost)  
  16  0:46  Assimilator  
  17  0:51  Probe  
  18  1:03  Probe  
  19  1:15  Probe  
  20  1:24  Nexus  
  20  1:34  Cybernetics Core  
  20  1:37  Probe  
  21  1:42  Assimilator  
  21  1:50  Probe  
  21  1:53  Pylon  
  22  2:02  Probe  
  23  2:09  Adept (Chrono Boost)  
  23  2:15  Probe  
  26  2:19  Stargate  
  26  2:26  Warp Gate  
  26  2:28  Probe (Chrono Boost)  
  27  2:30  Adept (Chrono Boost)  
  27  2:36  Probe (Chrono Boost)  
  31  2:45  Probe x2 (Chrono Boost)  
  31  2:48  Adept (Chrono Boost)  
  34  2:51  Probe  
  34  2:59  Probe  
  34  3:03  Probe  
  39  3:08  Phoenix (Chrono Boost)  
  39  3:11  Probe  
  39  3:15  Probe  
  40  3:21  Pylon  
  40  3:23  Probe  
  41  3:28  Oracle (Chrono Boost)  
  41  3:33  Probe  
  44  3:35  Probe  
  45  3:45  Probe  
  46  3:49  Probe  
  46  3:53  Nexus  
  47  3:57  Probe  
  48  4:03  Probe  
  48  4:07  Robotics Facility  
  48  4:09  Probe  
  50  4:10  Pylon  
  50  4:15  Probe  
  51  4:21  Probe  
  51  4:22  Gateway  
  52  4:27  Probe  
  52  4:29  Assimilator  
  53  4:33  Assimilator  
  52  4:39  Probe x2  
  52  4:42  Pylon  
  52  4:44  Twilight Council  
  52  4:45  Forge  
  54  4:52  Gateway  
  54  4:53  Probe x2  
  54  4:54  Observer (Chrono Boost)  
  57  5:01  Sentry  
  57  5:05  Probe  
  57  5:06  Pylon  
  60  5:08  Probe, Protoss Ground Weapons Level 1 (Chrono Boost)  
  60  5:13  Immortal (Chrono Boost)  
  65  5:18  Charge (Chrono Boost)  
  65  5:19  Probe  
  66  5:22  Probe  
  66  5:23  Probe  
  68  5:31  Probe  
  68  5:32  Zealot, Sentry  
  73  5:41  Probe x2, Immortal (Chrono Boost)  
  79  5:49  Stalker  
  75  5:50  Photon Cannon  
  75  6:02  Stalker x2  
  69  6:17  Probe (Chrono Boost)  
  69  6:18  Probe (Chrono Boost), Warp Prism  
  68  6:20  Probe (Chrono Boost)  
  68  6:22  Forge  
  70  6:27  Stalker x2  
  70  6:29  Probe (Chrono Boost)  
  70  6:30  Probe (Chrono Boost)  
  70  6:32  Pylon  
  77  6:35  Probe (Chrono Boost)  
  77  6:36  Probe x2 (Chrono Boost)  
  79  6:42  Probe  
  80  6:48  Probe  
  80  6:49  Probe  
  80  6:55  Blink (Chrono Boost)  
  80  6:56  Stalker x3  
  80  6:58  Probe  
  80  7:01  Probe  
  88  7:13  Protoss Ground Armor Level 1 (Chrono Boost)  
  88  7:15  Probe  
  84  7:16  Probe x2  
  84  7:21  Gateway  
  86  7:23  Protoss Ground Weapons Level 2 (Chrono Boost), Gateway  
  86  7:25  Gateway  
  86  7:28  Warp Prism  
  86  7:31  Gateway x2  
  86  7:34  Templar Archives  
  86  7:38  Assimilator  
  86  7:39  Probe x2, Assimilator  
  86  7:43  Sentry  
  86  7:44  Zealot x2  
  94  7:45  Probe  
  94  7:47  Pylon  
  95  7:52  Probe x2  
  95  7:57  Probe  
  98  8:03  Pylon, Nexus  
  98  8:04  Observer  
  99  8:06  Pylon  
  99  8:16  Probe x3  
  99  8:19  Photon Cannon  
  102  8:26  Zealot x2, Observer (Chrono Boost)  
  102  8:27  Zealot x5  
  108  8:28  Psionic Storm  
  108  8:30  Zealot  
  116  8:44  Pylon, Observer (Chrono Boost)  
  117  8:51  Zealot x4  
  125  9:00  Zealot  
  95  9:15  Protoss Ground Armor Level 2 (Chrono Boost)  
  95  9:16  Probe  
  95  9:17  Probe, High Templar x3  
  87  9:18  High Templar, Warp Prism (Chrono Boost)  
  87  9:23  Zealot, Sentry, High Templar x2  
  101  9:27  Gateway  
  101  9:28  Probe x3  
  101  9:29  Probe, Gateway  
  101  9:31  Gateway  
  105  9:35  Pylon  
  105  9:38  Observer  
  105  9:40  Probe x2  
  105  9:41  Protoss Ground Weapons Level 3 (Chrono Boost)  
  105  9:44  Zealot  
  109  9:47  Immortal  
  109  9:48  Assimilator  
  109  9:49  Observer  
  109  9:52  Assimilator  
  113  9:56  Zealot x2  
  113  9:57  Zealot x5  
  127  10:06  Shield Battery  
  127  10:10  Pylon  
  127  10:11  Robotics Bay  
  127  10:17  Zealot x4  
  127  10:18  Zealot x4  
  143  10:32  Zealot x3  
  133  10:45  Archon  
  133  10:46  Archon  
  125  10:50  Archon  
  125  10:51  Zealot x3  
  125  10:52  Stalker x8  
  128  10:58  Colossus  
  128  10:59  Extended Thermal Lance  
  124  11:07  Probe x3  
  124  11:10  Probe  
  126  11:15  High Templar  
  126  11:16  Zealot x4, High Templar  
  126  11:17  Zealot  
  137  11:22  Pylon  
  137  11:31  Zealot x4  
  145  11:36  Zealot  
  145  11:38  Protoss Shields Level 1 (Chrono Boost)  
  141  11:42  High Templar x2  
  141  11:43  Zealot x2  
  149  11:49  Colossus (Chrono Boost)  
  149  11:52  Fleet Beacon  
  149  12:04  Stalker x3  
  149  12:05  Stalker x2  
  159  12:13  Protoss Ground Armor Level 3 (Chrono Boost)  
  159  12:21  High Templar  
  159  12:22  High Templar  
  163  12:23  Zealot x3  
  163  12:24  Zealot  
  163  12:25  Pylon  
  171  12:38  Stargate  
  171  12:43  Warp Prism  
  173  12:45  Nexus  
  173  12:46  Pylon  
  173  12:47  Stargate  
  171  13:19  Disruptor  
  160  13:24  Tempest (Chrono Boost)  
  166  13:28  Tempest (Chrono Boost)  
  166  13:33  High Templar  
  168  13:35  Assimilator  
  168  13:38  Assimilator  
  168  13:40  Tempest (Chrono Boost)  
  168  13:42  Photon Cannon  
  168  13:44  Photon Cannon  
  168  13:45  Shield Battery  
  168  13:46  Zealot x6  
  186  13:54  Tempest (Chrono Boost)  
  188  13:57  Observer  
  193  14:04  Probe  
  193  14:07  Pylon  
  196  14:10  Tempest  
  196  14:57  Stalker x2  
  196  14:58  Stalker  
  196  15:07  Zealot x2  
  190  15:15  Zealot x5  

Tags
 
Add a new tag
Caveats
  • Supply blocks, unpowered buildings, or Contaminate may cause inaccurate times.
  • Supply counts are checked every 10 seconds.